 Dungeon Crawl Stone Soup version 0.21.1-1-g345015f (webtiles) character file.

118 OzoneGrif the Ruffian (level 4, -2/44 HPs)
             Began as a Troll Fighter on Apr 4, 2018.
             Was an Initiate of Ru.
             Slain by an orc
             ... wielding a +0 flail
              (3 damage)
             ... on level 3 of the Dungeon.
             The game lasted 00:18:07 (1269 turns).

OzoneGrif the Ruffian (Troll Fighter)               Turns: 1269, Time: 00:18:12

Health: -2/44      AC:  5    Str: 24    XL:     4   Next: 72%
Magic:  3/3        EV:  8    Int:  4    God:    Ru [......]
Gold:   134        SH:  8    Dex: 10    Spells: 3/3 levels left

rFire    . . .     SeeInvis .     - Unarmed
rCold    . . .     Gourm    +   b - +0 shield
rNeg     . . .     Faith    .   a - +0 robe
rPois    .         Spirit   .   (helmet restricted)
rElec    .         Reflect  .   (no cloak)
rCorr    .         Harm     .   (gloves unavailable)
MR       .....                  (boots unavailable)
Stlth    +.........             (no amulet)
HPRegen  0.54/turn              (no ring)
MPRegen  0.08/turn              (no ring)

@: no status effects
A: large, unfitting armour, claws 3, fast metabolism 3, gourmand, regeneration
1, shaggy fur 1, tough skin 2
a: Renounce Religion


You were on level 3 of the Dungeon.
You worshipped Ru.
Ru was noncommittal.
You were full.

You visited 1 branch of the dungeon, and saw 3 of its levels.

You collected 134 gold pieces.

Inventory:

Armour
 a - a +0 robe (worn)
 b - a +0 shield (worn)
Jewellery
 f - an uncursed ring of stealth {unknown}
 k - an uncursed ring of see invisible {unknown}
Scrolls
 e - a scroll of enchant weapon {unknown}
 g - 2 scrolls of identify {unknown}
 h - a scroll of teleportation {unknown}
 l - a scroll of amnesia {unknown}
Potions
 c - a potion of might
 i - 3 potions of lignification {unknown}
 j - a potion of brilliance {unknown}
 m - a potion of curing {unknown}
Comestibles
 d - 4 rations


   Skills:
 + Level 2.8 Fighting
 + Level 3.1 Dodging
 - Level 2.4 Shields
 * Level 3.9 Unarmed Combat


You had 3 spell levels left.
You didn't know any spells.

Dungeon Overview and Level Annotations

Branches:
Dungeon (2/15)

Altars:
Ru


Innate Abilities, Weirdness & Mutations

You are too large for most types of armour.
You have claws for hands.
Your metabolism is lightning-fast.
You like to eat raw meat.
Your natural rate of healing is unusually fast.
You are covered in fur. (AC +1)
You have very tough skin. (AC +2)


Message History

The jackal is heavily wounded.
The jackal bites you but does no damage.
You claw the jackal!
You kill the jackal!
You hear some strange, mumbled words.
A puff of frost appears from out of thin air!
The puff of frost hits you!
You closely miss the orc. The orc hits you with a flail.
* * * LOW HITPOINT WARNING * * *
You hear some strange, mumbled words.
A magic dart appears from out of thin air!
The magic dart hits you!
* * * LOW HITPOINT WARNING * * *
You closely miss something.
You hear some strange, mumbled words.
A magic dart appears from out of thin air!
The magic dart hits you!
* * * LOW HITPOINT WARNING * * *
The orc hits you with a flail.
You die...

### ####
#@#############...
#†og....).##......
##o.[.)(#.........
##...............
...$....##..(.....
###....^##...((...
#.....###.......
#......###...#<.
##..##.. #######


You could see 2 orcs and a goblin.

Vanquished Creatures
  An orc wizard (D:3)
  2 adders (D:2)
  An ooze (D:1)
  2 dart slugs (D:1)
  A leopard gecko (D:1)
  An orc (D:3)
  9 bats
  A giant cockroach (D:2)
  4 goblins
  8 hobgoblins
  6 jackals
  9 kobolds
  A quokka (D:2)
  5 frilled lizards
  7 rats
58 creatures vanquished.

Notes
Turn   | Place    | Note
-------+----------+-------------------------------------------
     0 | D:1      | OzoneGrif the Troll Fighter began the quest for the Orb.
     0 | D:1      | Reached XP level 1. HP: 22/22 MP: 0/0
   195 | D:1      | Reached XP level 2. HP: 29/29 MP: 1/1
   530 | D:1      | Reached XP level 3. HP: 36/36 MP: 2/2
  1022 | D:2      | Found a sacrificial altar of Ru.
  1034 | D:2      | Became a worshipper of Ru the Awakened
  1070 | D:2      | Reached XP level 4. HP: 44/44 MP: 3/3
  1234 | D:2      | You fall through a shaft!
  1269 | D:3      | HP: 1/44 [something/magic dart (7)]
  1269 | D:3      | Slain by an orc

Skill      XL: |  1  2  3 |
---------------+----------+-----
Unarmed Combat | 3 |  3.9
Dodging        | 3 |  3.1
Fighting       | |  2.8
Shields        | |  2.4

Action                   |  1- 3 |  4- 6 || total
-------------------------+-------+-------++-------
Melee: Unarmed           |   147 |    33 ||   180
  Eat: Chunk             |    14 |     1 ||    15
Armor: Robe              |    54 |    33 ||    87
Dodge: Dodged            |    53 |    14 ||    67
Block: Shield            |    78 |    29 ||   107
